 Dungeon Crawl Stone Soup version 0.23.2-1-ga50397a (webtiles) character file.

Game seed: 16195604517087332012

590 xveg the Shield-Bearer (level 7, -3/61 HPs)
             Began as a Hill Orc Fighter on May 15, 2019.
             Was an Initiate of Gozag.
             Slain by an ogre
             ... wielding a +0 giant club
              (11 damage)
             ... on level 4 of the Dungeon.
             The game lasted 00:08:01 (3165 turns).

xveg the Shield-Bearer (Hill Orc Fighter)           Turns: 3165, Time: 00:08:04

Health: -3/61      AC: 17    Str: 21    XL:     7   Next: 38%
Magic:  7/7        EV:  7    Int:  8    God:    Gozag
Gold:   263        SH:  9    Dex: 10    Spells: 6/6 levels left

rFire    . . .     SeeInvis .   h - +1 rapier (protect)
rCold    . . .     Gourm    .   c - +0 shield
rNeg     . . .     Faith    .   b - +0 scale mail
rPois    .         Spirit   .   (helmet restricted)
rElec    .         Reflect  .   (no cloak)
rCorr    .         Harm     .   u - +0 pair of gloves
MR       +....                  (no boots)
Stlth    ..........             (no amulet)
HPRegen  0.20/turn              g - ring of flight
MPRegen  0.10/turn              i - ring of wizardry

@: protection aura, drained
A: hooves 1, horns 1, molten scales 1, magic resistance 1
a: Potion Petition, Call Merchant, Bribe Branch, Renounce Religion, Evoke Flight


You were on level 4 of the Dungeon.
You worshipped Gozag.
Gozag was aware of your devotion.
You were near starving.

You visited 2 branches of the dungeon, and saw 6 of its levels.

You collected 318 gold pieces.
You paid 55 gold pieces to Gozag.

Inventory:

Hand Weapons
 a - a +0 long sword
 h - a +1 rapier of protection (weapon)
Missiles
 q - 71 stones
 s - 4 javelins (quivered)
Armour
 b - a +0 scale mail (worn)
 c - a +0 shield (worn)
 u - a +0 pair of gloves (worn)
Jewellery
 g - a ring of flight (left hand)
 i - a ring of wizardry (right hand)
Wands
 k - a wand of paralysis (1)
Scrolls
 e - 7 scrolls of remove curse
 j - 5 scrolls of identify
 l - a scroll of amnesia {unknown}
 n - a scroll of fog {unknown}
 o - a scroll of blinking
 p - 3 scrolls of teleportation
 t - a scroll of fear
Potions
 d - a potion of might
 m - a potion of degeneration {unknown}
 r - a potion of agility
Comestibles
 f - 5 rations


   Skills:
 + Level 5.1(4.1) Fighting
 + Level 1.9(2.1) Short Blades
 + Level 4.2(3.4) Long Blades
 + Level 0.8(0.0) Throwing
 + Level 4.8(3.8) Armour
 + Level 1.5(0.6) Dodging
 + Level 5.4(4.4) Shields


You had 6 spell levels left.
You didn't know any spells.
Your spell library was empty.

Dungeon Overview and Level Annotations

Branches:
Dungeon (5/15)             Temple (1/1) D:4

Altars:
Cheibriados
Dithmenos
Gozag
Makhleb
Nemelex Xobeh
Okawaru
Ru
Uskayaw
Yredelemnul
The Shining One


Innate Abilities, Weirdness & Mutations

You have large cloven feet.
You have a pair of small horns on your head.
You are partially covered in molten scales. (AC +2)
You are resistant to hostile enchantments. (MR+)


Message History

You are too injured to fight recklessly!
There is a stone staircase leading up here.
You block the ogre's attack. The ogre hits you with a +0 giant club.
* * * LOW HITPOINT WARNING * * *
You climb upwards.
There is a stone staircase leading down here.
Unknown command.
You puncture the ogre!
Your weapon exudes an aura of protection.
Your kick misses the ogre.
The ogre is moderately wounded.
The ogre hits you with a cursed -3 giant spiked club.
* * * LOW HITPOINT WARNING * * *
You hit the ogre. You kick the ogre.
The ogre is heavily wounded.
The ogre hits you with a cursed -3 giant spiked club.
* * * LOW HITPOINT WARNING * * *
The ogre hits you with a +0 giant club!
You die...
Your body crumbles into a pile of gold.

###.##.# #.# ###.. ##.....# #.##
#...# #...#..####### #..#
####.### #...##.......#####.#
###....# #...########....##.#
#...#### #...#### ####.##.#
###.### ###....# #.##.###....#
####.########O..).....#.## ####
#...##.>..O@....#.....###...
###.....#####.....#.#.).....
#######....#.........###.#))..###
...................###...##.#.#
.######.########.#........#...##
........# #...##..>..##...##
#...##### ##...#........#...
#.#..# #..#.##...###..... ..##.#
#.##..#.###.......


You could see 2 ogres.

Vanquished Creatures
  Eustachio (D:4)
  An ogre (D:4)
  Blork the orc (D:4)
  A water moccasin skeleton (D:4)
  An orc wizard (D:4)
  An orc priest (D:4)
  Ijyb (D:4)
  6 adders
  2 worms
  3 dart slugs
  4 leopard geckos
  5 orcs (D:4)
  5 giant cockroaches
  5 goblins
  7 hobgoblins
  9 jackals
  4 kobolds
  2 quokkas
  A ball python (D:3)
  9 bats
  4 frilled lizards
  9 rats
82 creatures vanquished.

Notes
Turn   | Place    | Note
-------+----------+-------------------------------------------
     0 | D:1      | xveg the Hill Orc Fighter began the quest for the Orb.
     0 | D:1      | Reached XP level 1. HP: 19/19 MP: 1/1
   156 | D:1      | Reached XP level 2. HP: 19/27 MP: 2/2
   707 | D:2      | Reached XP level 3. HP: 13/33 MP: 3/3
  1060 | D:2      | Reached XP level 4. HP: 37/40 MP: 4/4
  1671 | D:3      | Reached XP level 5. HP: 46/47 MP: 5/5
  1928 | D:4      | Noticed Eustachio
  1953 | D:4      | Gained mutation: You are resistant to hostile enchantments.
                  | (MR+) [potion of mutation]
  1953 | D:4      | Gained mutation: You have a pair of small horns on your
                  | head. [potion of mutation]
  1953 | D:4      | Gained mutation: You have large cloven feet. [potion of
                  | mutation]
  1953 | D:4      | Gained mutation: You are partially covered in molten
                  | scales. (AC +2) [potion of mutation]
  1971 | D:4      | Killed Eustachio
  1971 | D:4      | Reached skill level 1 in Dodging
  1971 | D:4      | Reached skill level 5 in Shields
  1971 | D:4      | Reached XP level 6. HP: 26/53 MP: 6/6
  2364 | D:4      | Found a staircase to the Ecumenical Temple.
  2388 | Temple   | Entered the Ecumenical Temple
  2445 | Temple   | Became a worshipper of Gozag Ym Sagoz the Greedy
  2591 | D:4      | Noticed Blork the orc
  2591 | D:4      | Noticed Ijyb
  2597 | D:4      | Paralysed by Ijyb for 3 turns
  2606 | D:4      | Killed Blork the orc
  2615 | D:4      | Killed Ijyb
  2615 | D:4      | Reached skill level 1 in Short Blades
  2615 | D:4      | Reached XP level 7. HP: 32/60 MP: 7/7
  2831 | D:4      | Reached skill level 5 in Fighting
  3149 | D:5      | Entered Level 5 of the Dungeon
  3165 | D:4      | Slain by an ogre

Skill      XL: |  1  2  3  4  5  6  7 |
---------------+----------------------+-----
Fighting       | 4 5 |  5.1
Shields        | 4 5 |  5.4
Long Blades    | 3 4 |  4.2
Armour         | 4 |  4.8
Dodging        | 1 |  1.5
Short Blades   | 1 |  1.9
Throwing       | |  0.8

Action                   |  1- 3 |  4- 6 |  7- 9 || total
-------------------------+-------+-------+-------++-------
Melee: Long sword        |   103 |   139 |       ||   242
       Kick              |       |    14 |    17 ||    31
       Rapier            |       |    44 |    47 ||    91
       Headbutt          |       |     8 |     7 ||    15
Throw: Javelin           |       |    11 |       ||    11
       Stone             |       |     2 |       ||     2
  Use: Scroll            |       |     7 |       ||     7
       Potion            |       |     7 |       ||     7
  Eat: Chunk             |       |     3 |       ||     3
       Ration            |       |     1 |       ||     1
Armor: Scale mail        |    44 |   157 |    24 ||   225
       Skin              |       |    16 |       ||    16
Dodge: Dodged            |    35 |   101 |    20 ||   156
Block: Shield            |    59 |   155 |    26 ||   240
       Rpst.: Long sword |    13 |    30 |       ||    43
